 Dungeon Sprint DCSS version 0.16.1-28-gcc2312f (webtiles) character file.

40 Kidiri the Magician (level 3, 0/19 HPs)
             Began as a Deep Elf Wizard on May 28, 2015.
             Was a Follower of Sif Muna.
             Succumbed to a worker ant's poison
             ... in the Dungeon (Sprint VII: "The Pits").
             The game lasted 00:03:23 (348 turns).

Kidiri the Magician (Deep Elf Wizard)                Turns: 348, Time: 00:03:23

Health: 0/19       AC:  2    Str:  4    XL:     3   Next: 30%
Magic:  12/16      EV: 13    Int: 23    God:    Sif Muna [*.....]
Gold:   0          SH:  0    Dex: 13    Spells: 5 memorised, 5 levels left

rFire  . . .     SeeInvis .     q - +2 quarterstaff
rCold  . . .     Clarity  .     a - +0 robe
rNeg   . . .     SustAb   .     (no shield)
rPois  .         Gourm    .     b - +0 hat
rElec  .         Spirit   .     (no cloak)
rCorr  .         Warding  .     (no gloves)
rMut   .         NoTele   +     (no boots)
MR     .....                    (no amulet)
Stlth  ++........               (no ring)
                                (no ring)

@: lethally poisoned (0 -> -6), very slightly contaminated, not resistant to
hostile enchantments, unstealthy
A: no striking features
a: Channel Energy, Renounce Religion


You were in the Dungeon.
You worshipped Sif Muna.
Sif Muna was aware of your devotion.
You were not hungry.

You visited 1 branch

Inventory:

Hand weapons
 q - a +2 quarterstaff (weapon)
Armour
 a - a +0 robe (worn)
 b - a +0 hat (worn)
Scrolls
 n - 3 scrolls of remove curse
 o - 5 scrolls of amnesia
 p - a scroll of summoning
Potions
 g - a potion of haste
 h - 3 potions of magic
 i - 3 potions of berserk rage
 m - 2 potions of invisibility
Books
 c - a book of Minor Magic

   Spells                             Type                      Level
   a - Magic Dart                     Conjuration                  1
   b - Blink                          Translocation                2
   c - Call Imp                       Summoning                    2
   d - Repel Missiles                 Charms/Air                   2
   e - Slow                           Hexes                        2
   f - Conjure Flame                  Conjuration/Fire             3
   g - Mephitic Cloud                 Conjuration/Poison/Air       3
Comestibles
 d - 8 bread rations
 k - 40 fruits
 l - 7 meat rations


   Skills:
 + Level 2.0 Staves
 + Level 3.7 Dodging
 - Level 3.3 Stealth
 * Level 6.4 Spellcasting
 + Level 2.6 Conjurations
 + Level 1.1 Hexes
 + Level 2.0 Charms
 + Level 1.7 Summonings
 + Level 1.9 Translocations
 + Level 1.0 Air Magic


You had 5 spell levels left.
You knew the following spells:

 Your Spells              Type           Power        Failure   Level  Hunger
a - Magic Dart            Conj           ###.         2%          1    None
b - Blink                 Tloc           N/A          6%          2    None
c - Call Imp              Summ           ###.....     10%         2    None
d - Repel Missiles        Chrm/Air       ##....       10%         2    None
e - Slow                  Hex            ##......     10%         2    None


Dungeon Overview and Level Annotations

Branches:
Dungeon (1/1)

Altars:
Ashenzari
Cheibriados
Dithmenos
Elyvilon
Fedhas
Gozag
Kikubaaqudgha
Makhleb
Nemelex Xobeh
Okawaru
Qazlal
Ru
Sif Muna
Trog
Vehumet
Xom
Yredelemnul
Zin
The Shining One
Beogh
Jiyva
Lugonu


Message History

* * * LOW HITPOINT WARNING * * *
You feel sick.
Drink which item? (? for menu, Esc to quit)
Okay, then.
Casting: Blink
Confirm with . or Enter, or press ? or * to list all spells.
Aiming: Magic Dart
Press: ? - help, Shift-Dir - straight line, f/p - worker ant
Aim: a worker ant (almost dead)
The magic dart hits the worker ant.
You kill the worker ant!
You can now tap ambient magical fields.
Your Staves skill increases to level 2!
Your Hexes skill increases to level 1!
Your Charms skill increases to level 2!
Your Air Magic skill increases to level 1!
You have reached level 3!
Your experience leads to an increase in your attributes!
Increase (S)trength, (I)ntelligence, or (D)exterity?
You feel clever.
You die...

#...........'........
#+#####'#####......#.
#...#.# #........
#...#†# ####'####
#...).# #.......#
##'#### #.......#
#.....# #.......#
#.....#+###...<...#
#.@5..§..##.......#
#...†....##.......#
###########.......#
#########


You could see an ufetubus.

Vanquished Creatures
  A worker ant (D)
  A giant mite (D)
  An ufetubus (D)
  A ball python (D)
  A goblin (D)
  A hobgoblin (D)
  A giant newt (D)
  A jackal skeleton (D)
8 creatures vanquished.

Notes
Turn   | Place    | Note
--------------------------------------------------------------
     0 | D        | Kidiri, the Deep Elf Wizard, began the quest for the Orb.
     0 | D        | Reached XP level 1. HP: 10/10 MP: 6/6
    28 | D        | Found a sacrificial altar of Ru.
    28 | D        | Found a basalt altar of Yredelemnul.
    28 | D        | Found a shadowy altar of Dithmenos.
    28 | D        | Found a deep blue altar of Sif Muna.
    28 | D        | Found a burning altar of Makhleb.
    28 | D        | Found a shimmering altar of Xom.
    28 | D        | Found an ancient bone altar of Kikubaaqudgha.
    28 | D        | Found a sparkling altar of Nemelex Xobeh.
    29 | D        | Found a glowing golden altar of the Shining One.
    29 | D        | Found a bloodstained altar of Trog.
    29 | D        | Found a shattered altar of Ashenzari.
    29 | D        | Found a white marble altar of Elyvilon.
    29 | D        | Found a snail-covered altar of Cheibriados.
    29 | D        | Found a blossoming altar of Fedhas.
    29 | D        | Found a radiant altar of Vehumet.
    29 | D        | Found a glowing silver altar of Zin.
    29 | D        | Found a corrupted altar of Lugonu.
    29 | D        | Found a viscous altar of Jiyva.
    29 | D        | Found a roughly hewn altar of Beogh.
    29 | D        | Found an iron altar of Okawaru.
    32 | D        | Became a worshipper of Sif Muna the Loreminder
    36 | D        | Found a stormy altar of Qazlal.
    37 | D        | Found an opulent altar of Gozag.
   107 | D        | Reached skill level 1 in Staves
   107 | D        | Reached skill level 5 in Spellcasting
   111 | D        | Reached XP level 2. HP: 7/15 MP: 1/11
   115 | D        | Learned a level 2 spell: Blink
   118 | D        | Learned a level 2 spell: Call Imp
   121 | D        | Learned a level 2 spell: Repel Missiles
   124 | D        | Learned a level 2 spell: Slow
   282 | D        | Reached skill level 6 in Spellcasting
   328 | D        | Reached skill level 1 in Charms
   336 | D        | Noticed a worker ant
   348 | D        | Killed a worker ant
   348 | D        | Acquired Sif Muna's first power
   348 | D        | Reached skill level 1 in Hexes
   348 | D        | Reached skill level 1 in Air Magic
   348 | D        | Reached XP level 3. HP: 1/19 MP: 12/16
   348 | D        | Succumbed to a worker ant's poison

Action                   || total
-------------------------++-------
 Cast: Magic Dart        ||    23
       Blink             ||     2
  Use: Potion            ||     3
       Scroll            ||     1
